 Dungeon Crawl Stone Soup version 0.31-a0-965-g8a8ce12e04 (webtiles) character file.

Game seed: 104445672486014109

96 tsujin the Ruffian (level 4, -3/32 HPs)
             Began as a Demonspawn Shapeshifter on Oct 26, 2023.
             Slain by a gnoll
             ... wielding a +0 club
              (5 damage)
             ... on level 2 of the Dungeon.
             The game lasted 00:04:44 (2081 turns).

tsujin the Ruffian (Demonspawn Shapeshifter)        Turns: 2081, Time: 00:04:44

Health: -3/32      AC:  5    Str: 16    XL:     4   Next: 41%
Magic:  4/4        EV: 11    Int: 12    God:
Gold:   98         SH:  0    Dex: 12    Spells: 3/3 levels left

rFire   . .          .
                       - Unarmed
rCold   . . .        (no shield)
rNeg    . . .        h - +0 ring mail
rPois   .            (helmet currently unavailable)
rElec   .            (cloak currently unavailable)
rCorr   .            (gloves currently unavailable)
SInv    .            (boots currently unavailable)
Will    .....        (no amulet)
Stlth   +            (no ring)
HPRegen 0.25/turn    (no ring)
MPRegen 0.09/turn

%: no passive effects
@: beast-form
A: beast (slay +1), demonic touch 2
a: Begin Untransformation


You were on level 2 of the Dungeon.
You were a hulking beast.
You visited 1 branch of the dungeon, and saw 2 of its levels.

You collected 98 gold pieces.

Inventory:

Armour
 h - a +0 ring mail (worn)
 o - a +0 pair of gloves
Magical Staves
 k - a staff of fire
Jewellery
 e - a +4 ring of protection
 i - a ring of wizardry
Talismans
 c - a beast talisman (active)
 d - a flux talisman
 m - a serpent talisman
Scrolls
 j - 2 scrolls of brand weapon
Potions
 a - a potion of might {unknown}
 b - a potion of lignification
 f - 2 potions of invisibility
 g - 2 potions of curing {unknown}
 l - a potion of berserk rage {unknown}


   Skills:
 - Level 1.0 Fighting
 - Level 1.7 Dodging
 + Level 4.6 Unarmed Combat
 * Level 2.8 Shapeshifting


You had 3 spell levels left.
You didn't know any spells.
Your spell library was empty.

Dungeon Overview and Level Annotations

Branches:
Dungeon (2/15)

Altars:


Innate Abilities, Weirdness & Mutations

You are a hulking beast.
Your limbs bulge with bestial killing power. (Slay +1)
Your touch may inflict irresistible damage on your foes.


Message History

A gnoll comes into view. It is wielding a +0 halberd.
The goblin shoots a sling bullet.
The sling bullet barely misses you.
You hear a shout!
The goblin shoots a sling bullet.
The sling bullet barely misses you.
A gnoll comes into view. It is wielding a +0 club.
The goblin unwields a +0 sling.
The goblin wields a +0 club.
The goblin closely misses you.
You hit the goblin.
You kill the goblin!
You closely miss the gnoll.
You touch the gnoll!
The gnoll is severely wounded.
The gnoll barely misses you.
You closely miss the gnoll.
You touch the gnoll.
You kill the gnoll!
The gnoll hits you with a +0 club.
The gnoll hits you from afar with a +0 halberd!
Items here: ))) ††.
You take 12 damage, and have 20/32 hp.
MASSIVE DAMAGE!!
You are too injured to fight recklessly!
You are too injured to fight recklessly!
You are too injured to fight recklessly!
You are too injured to fight recklessly!
You closely miss the gnoll. The gnoll hits you with a +0 club.
The gnoll hits you from afar with a +0 halberd.
You take 6 damage, and have 14/32 hp.
You hit the gnoll.
The gnoll is lightly wounded.
The gnoll hits you with a +0 club. The gnoll barely misses you.
You hit the gnoll.
You touch the gnoll!
The gnoll is almost dead.
The gnoll closely misses you.
A gnoll comes into view. It is wielding a +0 whip.
The gnoll hits you from afar with a +0 halberd!
* * * LOW HITPOINT WARNING * * *
You take 13 damage, and have 1/32 hp.
MASSIVE DAMAGE!!
The gnoll attacks as it pursues you! The gnoll closely misses you.
The gnoll attacks as it pursues you! The gnoll completely misses you.
The gnoll attacks as it pursues you! The gnoll barely misses you.
The gnoll attacks as it pursues you! The gnoll hits you with a +0 club.
You die...

#.# #........
#.# #.#######
#.# *,* #.#
*,* #.# *,*
#.# *,* #.#
*,*
#.#########.#
#.hg.gg.)...#
#############


You could see 3 gnolls.

Vanquished Creatures
  2 gnolls
  An adder (D:2)
  3 worms (D:2)
  3 dart slugs
  5 endoplasms
  3 giant cockroaches
  5 goblins
  5 hobgoblins
  6 jackals
  A quokka (D:2)
  8 ball pythons
  2 bats (D:1)
  2 frilled lizards (D:2)
  2 kobolds
  5 rats
53 creatures vanquished.

Notes
Turn   | Place    | Note
-------+----------+-------------------------------------------
     0 | D:1      | tsujin the Demonspawn Shapeshifter began the quest for the
                  | Orb.
     0 | D:1      | Reached XP level 1. HP: 15/15 MP: 1/1
   133 | D:1      | Reached skill level 3 in Unarmed Combat
   210 | D:1      | Gained mutation: Your touch may inflict minor irresistible
                  | damage on your foes. [demonic ancestry]
   210 | D:1      | Reached XP level 2. HP: 21/21 MP: 2/2
   495 | D:1      | Reached XP level 3. HP: 18/26 MP: 3/3
   754 | D:1      | Reached skill level 4 in Unarmed Combat
  1487 | D:2      | Gained mutation: Your touch may inflict irresistible damage
                  | on your foes. [demonic ancestry]
  1487 | D:2      | Reached XP level 4. HP: 28/32 MP: 4/4
  2075 | D:2      | HP: 1/32 [gnoll/+0 halberd (13)]
  2081 | D:2      | Slain by a gnoll

Illustrated notes

Levels and vault maps discovered:
D:1:      sevenhm_arrival_forest_fort_large_2, layout_loops_corners
D:2:      layout_basic, basic_altar, minmay_crystal_water, minmay_hexomino_u4

Skill      XL: |  1  2  3 |
---------------+----------+-----
Unarmed Combat | 3 4 |  4.6
Fighting       | |  1.0
Dodging        | |  1.7
Shapeshifting  | |  2.8

Action                     |  1- 3 |  4- 6 || total
---------------------------+-------+-------++-------
  Melee: Unarmed           |    93 |    20 ||   113
         Punch             |     3 |       ||     3
         Touch             |    12 |     5 ||    17
    Use: Scroll            |     4 |     1 ||     5
   Stab: Sleeping          |     4 |       ||     4
 Armour: Animal skin       |    25 |       ||    25
         Ring mail         |    11 |    13 ||    24
  Dodge: Dodged            |    39 |    15 ||    54
   Form: Beast             |     1 |       ||     1

Table legend: (Time is in decaauts)
 A = Elapsed time spent in this place.
 B = Non-inter-level travel time spent in this place.
 C = Inter-level travel time spent in this place.
 D = Time resting spent in this place.
 E = Time spent auto-exploring this place.
 F = Levels seen in this place.
 G = Mean time per level.
                   A        B        C        D        E       F      G
               +--------+--------+--------+--------+--------+-----+--------+
         Total |   2073 |   2022 |     51 |      0 |   1606 |   2 | 1036.5 |
       Dungeon |   2073 |   2022 |     51 |      0 |   1606 |   2 | 1036.5 |
               +--------+--------+--------+--------+--------+-----+--------+

Top non-repeatable levels by time:
     D:1: 1067 daAuts
     D:2: 1006 daAuts
